 Dungeon Crawl Stone Soup version 0.29-a0-555-g3b24f45cc1 (webtiles) character file.

Game seed: 16186083325662235255

3 raph the Grave Robber (level 1, 0/13 HPs)
             Began as a Demonspawn Necromancer on June 7, 2022.
             Slain by a ball python (1 damage)
             ... on level 1 of the Dungeon.
             The game lasted 00:00:52 (117 turns).

raph the Grave Robber (Demonspawn Necromancer)       Turns: 117, Time: 00:00:53

Health: 0/13       AC:  3    Str:  8    XL:     1   Next: 41%
Magic:  1/3        EV: 11    Int: 16    God:
Gold:   0          SH:  0    Dex: 13    Spells: 3/4 levels left

rFire   . . .      SeeInvis .   (no weapon)
rCold   . . .      Faith    .   (no shield)
rNeg    . . .      Spirit   .   c - +0 leather armour
rPois   .          Reflect  .   (no helmet)
rElec   .          Harm     .   (no cloak)
rCorr   .          Rampage  .   (no gloves)
Will    .....                   (no boots)
Stlth   ++........              (no amulet)
HPRegen 0.04/turn               (no ring)
MPRegen 0.08/turn               (no ring)

@: no status effects
A: no striking features
a: no special abilities


You were on level 1 of the Dungeon.
You visited 1 branch of the dungeon, and saw 1 of its levels.

Inventory:

Armour
 a - a +0 robe
 c - a +0 leather armour (worn)
Potions
 b - a potion of magic
 d - a potion of flight {unknown}


   Skills:
 + Level 1.8 Dodging
 + Level 1.8 Stealth
 + Level 2.0 Spellcasting
 * Level 4.4 Necromancy


You had 3 spell levels left.
You knew the following spells:

 Your Spells              Type           Power      Damage    Failure   Level
a - Necrotize             Necr           60%        1d7       4%          1

Your spell library contained the following spells:

 Spells                   Type           Power      Damage    Failure   Level
 Vampiric Draining        Necr           15%        2d7       14%         3
 Animate Dead             Necr           15%        N/A       43%         4
 Agony                    Necr           15%        N/A       80%         5


Dungeon Overview and Level Annotations

Branches:
Dungeon (1/15)

Altars:


Message History

The ball python closely misses you. The ball python constricts you.
You escape the ball python's grasp.
The kobold hits you but does no damage.
You miss the kobold. The ball python misses you.
The ball python closely misses you. The kobold closely misses you.
You closely miss the kobold. The ball python closely misses you.
The ball python grabs you. The ball python constricts you.
The kobold hits you with a +0 short sword.
Aiming: Necrotize (safe; 4% risk of failure)
Press: ? - help, Q - select action Shift-Dir - straight line, f - kobold
Aim: a kobold, wielding a +0 short sword and quivering stones (chance to affect: 85%)
The kobold barely resists.
The ball python misses you. The ball python constricts you.
The kobold hits you but does no damage.
You closely miss the kobold. The ball python barely misses you.
The ball python constricts you.
The kobold hits you with a +0 short sword.
You hit the kobold but do no damage. The ball python bites you.
The ball python constricts you.
The ball python bites you but does no damage.
The ball python constricts you.
The kobold hits you with a +0 short sword.
* * * LOW HITPOINT WARNING * * *
You hit the kobold but do no damage.
The ball python bites you but does no damage.
The ball python constricts you.
The kobold hits you with a +0 short sword.
* * * LOW HITPOINT WARNING * * *
As you read the scroll labelled FIUPTA ROTOUNI, it crumbles to dust.
You assume a fearsome visage.
The kobold looks frightened!
The ball python looks frightened!
It was a scroll of fear.
The ball python loses its grip on you.
You see here a +0 club.
A frilled lizard comes into view.
The frilled lizard hisses angrily.
A ball python comes into view.
The ball python hisses angrily.
The ball python attacks as you move away!
The ball python bites you.
You die...

###########
######.........#
...............#
...............#####
..........l...).....
######.S@......####.
#####.##### #.# #.#
#####.#######
#.K....)....#
#.#########.# #.#
#.# #.# #..


You could see a ball python and a frilled lizard.

Vanquished Creatures
  A goblin (D:1)
  A quokka (D:1)
  A kobold (D:1)
3 creatures vanquished.

Notes
Turn   | Place    | Note
-------+----------+-------------------------------------------
     0 | D:1      | raph the Demonspawn Necromancer began the quest for the
                  | Orb.
     0 | D:1      | Reached XP level 1. HP: 13/13 MP: 3/3
   117 | D:1      | Slain by a ball python

Illustrated notes

Levels and vault maps discovered:
D:1:      eino_arrival_cavern_e, layout_basic,
          shapermc_ecumenical_altar_starsandcircs

Action                   || total
-------------------------++-------
Melee: Unarmed           ||     5
 Cast: Necrotize         ||     4
  Use: Scroll            ||     1
Armor: Leather armour    ||     5
Dodge: Dodged            ||     9

Table legend: (Time is in decaauts)
 A = Elapsed time spent in this place.
 B = Non-inter-level travel time spent in this place.
 C = Inter-level travel time spent in this place.
 D = Time resting spent in this place.
 E = Time spent auto-exploring this place.
 F = Levels seen in this place.
 G = Mean time per level.
                   A        B        C        D        E       F      G
               +--------+--------+--------+--------+--------+-----+--------+
         Total |    117 |    117 |      0 |      2 |     45 |   1 |  117.0 |
       Dungeon |    117 |    117 |      0 |      2 |     45 |   1 |  117.0 |
               +--------+--------+--------+--------+--------+-----+--------+

Top non-repeatable levels by time:
     D:1: 117 daAuts
